 Dungeon Crawl Stone Soup version 0.18-a0-1570-gf60b0ab (webtiles) character file.

114 Hilldric the Covered (level 4, -2/37 HPs)
             Began as a Hill Orc Gladiator on Mar 14, 2016.
             Slain by a goblin (5 damage)
             ... led by Robin
             ... on level 2 of the Dungeon.
             The game lasted 00:07:39 (4084 turns).

Hilldric the Covered (Hill Orc Gladiator)           Turns: 4084, Time: 00:07:39

Health: -2/37      AC:  1    Str: 18    XL:     4   Next: 97%
Magic:  4/4        EV: 12    Int:  8    God:
Gold:   128        SH:  0    Dex: 11    Spells: 0 memorised, 3 levels left

rFire  x . .     SeeInvis .     a - +1 long sword
rCold  + . .     Gourm    .     (no armour)
rNeg   . . .     Faith    .     (no shield)
rPois  .         Spirit   .     c - +0 helmet
rElec  .         Dismiss  +     (no cloak)
rCorr  .         Reflect  .     (no gloves)
SustAt .         Harm     .     (no boots)
MR     .....                    h - amulet of dismissal
Stlth  ..........               g - ring of loudness (curse)
                                e - ring of ice

@: not resistant to hostile enchantments, extremely unstealthy
A: no striking features
a: no special abilities


You were on level 2 of the Dungeon.
You were not hungry.

You visited 1 branch of the dungeon, and saw 3 of its levels.

You collected 128 gold pieces.

Inventory:

Hand Weapons
 a - a +1 long sword (weapon)
Missiles
 d - 2 throwing nets (quivered)
 m - 2 tomahawks
Armour
 b - a +0 leather armour
 c - a +0 helmet (worn)
 p - a +0 ring mail
Jewellery
 e - a ring of ice (left hand)
 g - a cursed ring of loudness (right hand)
 h - an amulet of dismissal (around neck)
Scrolls
 k - 2 scrolls of teleportation
Potions
 f - a potion of degeneration {unknown}
 i - a potion of berserk rage
 j - a potion of beneficial mutation {unknown}
 n - a potion of curing {unknown}
 o - a potion of lignification {unknown}
Comestibles
 l - a beef jerky


   Skills:
 - Level 2.4 Fighting
 - Level 3.2 Long Blades
 - Level 1.7 Throwing
 + Level 4.8 Armour
 - Level 2.4 Dodging


You had 3 spell levels left.
You didn't know any spells.

Dungeon Overview and Level Annotations

Branches:
Dungeon (3/15)

Altars:

Annotations:
D:2 Robin; Sigmund
D:3 Azzok's ghost, amateur MiFi


Message History

There is a stone staircase leading up, spattered with blood here.
The goblin hits you with a club. Azzok's ghost hits you!
* * * LOW HITPOINT WARNING * * *
You climb upwards.
Level annotation: Robin; Sigmund A goblin comes into view.
There is a stone staircase leading down here.
The goblin barely misses you.
Robin says, "A pitiful Orc like you will never find the ORB!"
Robin throws the goblin at you! The goblin closely misses you.
The goblin hits you with a club.
* * * LOW HITPOINT WARNING * * *
Robin roars a battlecry!
The goblins go into a battle-frenzy!
Robin throws the goblin at you!
* * * LOW HITPOINT WARNING * * *
Your amulet of dismissal vibrates suddenly!
Robin disappears!
You hit the goblin but do no damage. The goblin hits you.
You die...

#...#.#.###.#...######
#...#.#.#<............
#...#.#.)÷÷).#..#######
#####.#...........##..#
#.##......#...##..#
#.##......##..##..#
#.##..............#
#..'.....g........#
####......@.....).# #
######.gg....###.#
#...........#
#........### #........#
# ##...#...# ##
#....#§.# .# #....#..#
.# #.......#


You could see 3 goblins.

Vanquished Creatures
  Terence (D:2)
  3 adders (D:2)
  An ooze (D:2)
  2 dart slugs (D:2)
  A giant gecko (D:1)
  6 goblins
  12 hobgoblins
  4 jackals (D:1)
  9 kobolds
  2 quokkas
  A ball python (D:1)
  6 bats
  A giant newt (D:2)
  3 rats
52 creatures vanquished.

Notes
Turn   | Place    | Note
--------------------------------------------------------------
     0 | D:1      | Hilldric the Hill Orc Gladiator began the quest for the Orb.
     0 | D:1      | Reached XP level 1. HP: 18/18 MP: 1/1
    89 | D:1      | Reached skill level 1 in Armour
   154 | D:1      | Reached XP level 2. HP: 22/25 MP: 2/2
   238 | D:1      | Reached skill level 2 in Armour
   737 | D:1      | Reached XP level 3. HP: 27/30 MP: 3/3
  1098 | D:2      | Reached skill level 3 in Armour
  1460 | D:2      | Noticed Sigmund
  1962 | D:2      | Reached XP level 4. HP: 22/37 MP: 4/4
  2430 | D:2      | HP: 1/37 [kobold (3)]
  2748 | D:2      | Reached skill level 4 in Armour
  3221 | D:3      | Noticed Azzok's ghost (amateur MiFi)
  3318 | D:3      | HP: 1/37 [poisoned by an adder]
  3640 | D:2      | Noticed Robin
  4046 | D:2      | Noticed Terence
  4057 | D:2      | Killed Terence
  4084 | D:2      | Slain by a goblin

Vault maps used:
D:1:      enne_arrival_octagon_isle, minmay_liquid_box
D:2:      marbit_many_paths, first_bread, kennysheep_big_empty_room,
          uniq_sigmund, uniq_robin, uniq_terence
D:3:      okawaru_altar_gauntlet_db

Skill      XL: |  1  2  3  4 |
---------------+-------------+-----
Armour         | 1 2 3 4 |  4.8
Fighting       | |  2.4
Long Blades    | |  3.2
Throwing       | |  1.7
Dodging        | |  2.4

Action                   |  1- 3 |  4- 6 || total
-------------------------+-------+-------++-------
Melee: Long sword        |   113 |    81 ||   194
Throw: Throwing net      |       |     2 ||     2
  Use: Scroll            |     3 |     3 ||     6
       Potion            |       |     1 ||     1
 Stab: Sleeping          |     1 |       ||     1
  Eat: Meat ration       |     1 |       ||     1
       Bread ration      |     1 |       ||     1
       Beef jerky        |       |     1 ||     1
